 Dungeon Crawl Stone Soup version 0.30.1-11-g7821555f0a (webtiles) character file.

Game seed: 14600734608548155919

28 SacredBeard the Vexing (level 3, 0/20 HPs)
             Began as a Deep Elf Hexslinger on Oct 30, 2023.
             Slain by a goblin
             ... wielding a +0 dagger of electrocution
              (18 damage)
             ... on level 2 of the Dungeon.
             The game lasted 00:02:09 (1408 turns).

SacredBeard the Vexing (Deep Elf Hexslinger)        Turns: 1408, Time: 00:02:10

Health: 0/20       AC:  3    Str:  9    XL:     3   Next: 0%
Magic:  8/8        EV: 12    Int: 17    God:
Gold:   119        SH:  0    Dex: 15    Spells: 5/6 levels left

rFire   . . .        a - +1 sling
rCold   . . .        (no shield)
rNeg    . . .        h - +0 leather armour
rPois   .            (no helmet)
rElec   .            (no cloak)
rCorr   .            (no gloves)
SInv    .            (no boots)
Will    .....        (no amulet)
Stlth   +            (no ring)
HPRegen 0.23/turn    (no ring)
MPRegen 0.11/turn

%: no passive effects
@: no status effects
A: no striking features
a: no special abilities


You were on level 2 of the Dungeon.
You visited 1 branch of the dungeon, and saw 2 of its levels.

You collected 119 gold pieces.

Inventory:

Hand Weapons
 a - a +1 sling (weapon)
Armour
 h - a +0 leather armour (worn)
Jewellery
 i - an amulet of faith
Scrolls
 b - a scroll of poison
 c - a scroll of enchant weapon {unknown}
 d - a scroll of vulnerability {unknown}
 e - a scroll of noise {unknown}
 f - a scroll of identify {unknown}
Potions
 g - a potion of resistance {unknown}
 j - 2 potions of curing {unknown}


   Skills:
 - Level 1.0 Fighting
 * Level 3.6 Ranged Weapons
 + Level 2.8 Dodging
 + Level 2.1 Spellcasting
 + Level 4.3 Hexes


You had 5 spell levels left.
You knew the following spells:

 Your Spells              Type           Power      Damage    Failure   Level
a - Slow                  Hex            64%        N/A       4%          1

Your spell library contained the following spells:

 Spells                   Type           Power      Damage    Failure   Level
 Confusing Touch          Hex            16%        N/A       14%         3
 Ensorcelled Hibernation  Hex/Ice        18%        N/A       17%         2
 Kiss of Death            Conj/Necr      4%         2d5       26%         1
 Inner Flame              Hex/Fire       9%         N/A       32%         3
 Portal Projectile        Hex/Tloc       18%        N/A       32%         3
 Passwall                 Tmut/Erth      0%         N/A       38%         2
 Cause Fear               Hex            8%         N/A       41%         4
 Swiftness                Air            1%         N/A       63%         3
 Dispel Undead            Necr           1%         3d6       95%         4


Dungeon Overview and Level Annotations

Branches:
Dungeon (2/15) Zot: 10568

Altars:


Message History

The sling bullet closely misses the hobgoblin.
The hobgoblin hits you but does no damage.
You shoot a sling bullet. The sling bullet hits the hobgoblin.
The hobgoblin is severely wounded.
The hobgoblin hits you.
You shoot a sling bullet. The sling bullet hits the hobgoblin.
You kill the hobgoblin!
You have reached level 3!
Your experience leads to an increase in your attributes!
Increase (S)trength, (I)ntelligence, or (D)exterity?
You feel stronger. x2
You see here a hobgoblin corpse.
Found a stone staircase leading down.
Found 6 stones.
There is a stone staircase leading down here.
You see here 6 stones.
Found a faded altar of an unknown god.
j - 2 fuming silvery potions (gained 1)
You now have 119 gold pieces (gained 10).
Found an escape hatch in the ceiling.
There is an escape hatch in the ceiling here.
Found a short sword.
A goblin comes into view.
It is wielding a +0 dagger of electrocution.
The goblin shouts!
A goblin is nearby!
You shoot a sling bullet. The sling bullet hits the goblin.
The goblin is severely wounded.
A ball python comes into view.
The ball python moves out of view.
You shoot a sling bullet.
The sling bullet closely misses the goblin.
You shoot a sling bullet. The sling bullet misses the goblin.
You shoot a sling bullet.
The sling bullet closely misses the goblin.
You shoot a sling bullet.
The sling bullet barely misses the goblin.
The goblin hits you with a +0 dagger of electrocution.
You are electrocuted!!
Ouch! That really hurt!
You die...

###.##....#
...#####.#
##### #.#
#.# #.# #.#
#.# #.# #@#
......g.#
#########


You could see a goblin.

Vanquished Creatures
  3 bats
  3 endoplasms (D:1)
  2 goblins (D:1)
  3 hobgoblins
  A quokka (D:1)
  7 ball pythons
  2 frilled lizards
  A kobold (D:1)
  2 rats (D:1)
24 creatures vanquished.

Notes
Turn   | Place    | Note
-------+----------+-------------------------------------------
     0 | D:1      | SacredBeard the Deep Elf Hexslinger began the quest for the
                  | Orb.
     0 | D:1      | Reached XP level 1. HP: 11/11 MP: 5/5
   245 | D:1      | Reached XP level 2. HP: 16/16 MP: 1/6
   380 | D:1      | Reached skill level 1 in Fighting
  1254 | D:2      | Reached XP level 3. HP: 18/20 MP: 8/8
  1310 | D:2      | Found a faded altar of an unknown god.
  1408 | D:2      | Slain by a goblin

Illustrated notes

Levels and vault maps discovered:
D:1:      dpeg_arrival_rooms_with_view, layout_basic
D:2:      layout_loops_ring, ebering_ecumenical_altar_box,
          minmay_misc_feat_nine_boxes

Skill      XL: |  1  2 |
---------------+-------+-----
Ranged Weapons | 3 |  3.6
Fighting       | 1 |  1.0
Spellcasting   | 2 |  2.1
Dodging        | |  2.8
Hexes          | |  4.3

Action                     || total
---------------------------++-------
   Fire: Sling             ||    82
   Cast: Slow              ||    23
 Armour: Leather armour    ||     6
  Dodge: Dodged            ||    17
